 Dungeon Crawl Stone Soup version 0.25.0-9-g26727b6 (webtiles) character file.

Game seed: 7552959998046599080

254 tboon the Chopper (level 5, -1/47 HPs)
             Began as a Minotaur Berserker on June 19, 2020.
             Was a Priest of Trog.
             Slain by a gnoll
             ... wielding a +0 spear
              (3 damage)
             ... on level 5 of the Dungeon.
             The game lasted 00:06:18 (3448 turns).

tboon the Chopper (Minotaur Berserker)              Turns: 3448, Time: 00:06:19

Health: -1/47      AC:  3    Str: 27    XL:     5   Next: 91%
Magic:  4/4        EV: 13    Int:  5    God:    Trog [***...]
Gold:   165        SH:  0    Dex: 10    Spells: 4/4 levels left

rFire    . . .     SeeInvis .   a - +0 hand axe
rCold    . . .     Gourm    .   (no shield)
rNeg     . . .     Faith    .   i - +0 leather armour
rPois    .         Spirit   .   (helmet restricted)
rElec    .         Reflect  .   (no cloak)
rCorr    .         Harm     .   (no gloves)
MR       .....                  (no boots)
Stlth    +.........             (no amulet)
HPRegen  0.15/turn              (no ring)
MPRegen  0.09/turn              C - +6 ring of strength

@: lethally poisoned (-1 -> -9)
A: retaliatory headbutt, horns 2
a: Berserk, Trog's Hand, Renounce Religion


You were on level 5 of the Dungeon.
You worshipped Trog.
Trog was most pleased with you.
You were not hungry.

You visited 1 branch of the dungeon, and saw 5 of its levels.

You collected 165 gold pieces.

Inventory:

Hand Weapons
 a - a +0 hand axe (weapon)
Armour
 b - a +0 animal skin
 i - a +0 leather armour (worn)
   (You found it on level 1 of the Dungeon)
Jewellery
 f - a +6 ring of intelligence
   (You found it on level 2 of the Dungeon)
 C - a +6 ring of strength (right hand)
   (You found it on level 4 of the Dungeon)
Wands
 x - a wand of polymorph (12)
   (You found it on level 3 of the Dungeon)
 B - a wand of random effects (20)
   (You found it on level 4 of the Dungeon)
Scrolls
 g - 2 scrolls of random uselessness
 j - 3 scrolls of identify
 k - 2 scrolls of fog
 m - a scroll of fear
 w - 2 scrolls of remove curse
 y - a scroll of noise {!r}
Potions
 d - 2 potions of flight
 e - a potion of lignification {unknown}
 h - a potion of magic {unknown}
 l - 2 potions of curing {unknown}
 o - a potion of berserk rage {unknown}
 p - a potion of brilliance {unknown}
 t - a potion of degeneration {unknown}
 v - a potion of heal wounds {unknown}
 A - 2 potions of ambrosia {unknown}
Comestibles
 c - 4 rations


   Skills:
 + Level 4.8 Fighting
 * Level 5.8 Axes
 + Level 3.9 Armour
 + Level 3.5 Dodging


You had 4 spell levels left.
You didn't know any spells.
Your spell library was empty.

Dungeon Overview and Level Annotations

Branches:
Dungeon (5/15)             Temple (0/1) D:4

Altars:
Makhleb
Okawaru


Innate Abilities, Weirdness & Mutations

You reflexively headbutt those who attack you in melee.
You have a pair of horns on your head.


Message History

Found a stone staircase leading up.
Found a stone staircase leading down.
A giant cockroach comes into view.
There is a stone staircase leading up here.
The giant cockroach bites you.
The giant cockroach bites you but does no damage.
You hit the giant cockroach.
You kill the giant cockroach!
Trog accepts your kill.
No target in view!
There is a stone staircase leading up here.
A worker ant comes into view.
The worker ant twitches its antennae in your direction.
The worker ant bites you. x2
You closely miss the worker ant. You headbutt the worker ant!
The worker ant is heavily wounded.
The worker ant bites you.
You closely miss the worker ant.
The worker ant is heavily wounded.
The worker ant bites you but does no damage.
You barely miss the worker ant. Your headbutt misses the worker ant.
The worker ant is heavily wounded.
The worker ant closely misses you.
You closely miss the worker ant.
The worker ant is heavily wounded.
The worker ant bites you! The worker ant bites you.
You slash the worker ant!
You kill the worker ant!
Trog accepts your kill.
No target in view!
Eating one of 2 chunks of flesh.
You eat one of the 2 chunks of flesh.
This raw flesh tastes terrible.
m - a scroll of fear
Found a stone staircase leading up.
A giant cockroach comes into view.
The giant cockroach closely misses you.
You barely miss the giant cockroach. The giant cockroach barely misses you.
You barely miss the giant cockroach.
The giant cockroach bites you but does no damage.
The giant cockroach misses you.
You hit the giant cockroach.
You kill the giant cockroach!
Trog accepts your kill.
No target in view!
You now have 165 gold pieces (gained 8).
There is a stone staircase leading down here.
All of the chunks of flesh in your inventory have rotted away.
Things that are here:
a +0 falchion; a +0 leather armour You see here a hunting sling.
Done exploring.
You see here a hunting sling.
There is a stone staircase leading down here.
You climb downwards.
Found a scroll of identify.
Found an escape hatch in the floor.
Found a stone staircase leading up.
There is a stone staircase leading up here.
j - 3 scrolls of identify (gained 1)
There is a stone staircase leading up here.
A gnoll comes into view. It is wielding a +0 whip.
The gnoll shouts!
You hear a shout! x2; You hear an angry hiss.
You hear a shout!
You see here a scroll of fear.
A gnoll comes into view. It is wielding a +0 spear.
The gnoll hits you with a +0 whip.
You completely miss the gnoll.
A leopard gecko comes into view.
The gnoll barely misses you.
The leopard gecko hisses angrily.
You hit the gnoll but do no damage.
The gnoll hits you from afar with a +0 spear!
A gnoll comes into view. It is wielding a +1 flail of venom.
The gnoll barely misses you.
The gnoll hits you from afar with a +0 spear.
You are too injured to fight recklessly!
You are too injured to fight recklessly!
You are too injured to fight recklessly!
You are too injured to fight recklessly!
You hit the gnoll. You headbutt the gnoll!
You kill the gnoll!
Trog accepts your kill.
A bullfrog skeleton comes into view.
The gnoll hits you from afar with a +0 spear.
The bullfrog skeleton moves out of view.
Things that are here:
a +0 whip; a gnoll corpse You hit the gnoll.
Your headbutt misses the gnoll.
The gnoll is moderately wounded.
The gnoll hits you from afar with a +0 spear!
* * * LOW HITPOINT WARNING * * *
The gnoll hits you with a +1 flail of venom!
* * * LOW HITPOINT WARNING * * *
You are lethally poisoned!
You hit the gnoll. You headbutt the gnoll.
You kill the gnoll!
Trog accepts your kill.
* * * LOW HITPOINT WARNING * * *
You feel sick.
The gnoll hits you from afar with a +0 spear.
You die...

##<#..####.#
#..........#
..##..#..####%#
#.............#
##.......####.#
#.#..#<##
#.#..#.#
#>#..#.#####.#
#....?.@l..#
####.####g##
#.. .. ... ...
##### ... ##


You could see a gnoll and a leopard gecko.

Vanquished Creatures
  4 worker ants (D:4)
  2 gnolls (D:5)
  3 adders
  2 oozes
  A worm (D:4)
  A dart slug (D:2)
  3 leopard geckos
  2 orcs (D:4)
  A ball python (D:3)
  12 giant cockroaches
  11 goblins
  5 hobgoblins
  12 jackals
  7 kobolds
  2 quokkas (D:4)
  8 bats
  4 frilled lizards
  A quokka skeleton (D:4)
  10 rats
91 creatures vanquished.

Notes
Turn   | Place    | Note
-------+----------+-------------------------------------------
     0 | D:1      | tboon the Minotaur Berserker began the quest for the Orb.
     0 | D:1      | Reached XP level 1. HP: 19/19 MP: 0/0
    57 | D:1      | Reached XP level 2. HP: 15/27 MP: 1/1
    73 | D:1      | Reached skill level 4 in Axes
   506 | D:1      | Reached skill level 4 in Fighting
   605 | D:1      | Reached XP level 3. HP: 24/33 MP: 2/2
   735 | D:2      | Reached ** piety under Trog
   823 | D:2      | Found a burning altar of Makhleb.
   870 | D:2      | Reached skill level 3 in Armour
  1296 | D:2      | Reached XP level 4. HP: 40/40 MP: 3/3
  1777 | D:2      | Found an iron altar of Okawaru.
  2151 | D:3      | Reached skill level 3 in Dodging
  2221 | D:3      | Reached skill level 5 in Axes
  2230 | D:3      | Reached *** piety under Trog
  2530 | D:4      | Reached XP level 5. HP: 44/47 MP: 4/4
  2730 | D:4      | HP: 11/47 [poisoned by a worker ant]
  2735 | D:4      | HP: 9/47 [poisoned by a worker ant]
  2742 | D:4      | HP: 7/47 [poisoned by a worker ant]
  2749 | D:4      | HP: 6/47 [poisoned by a worker ant]
  2757 | D:4      | HP: 5/47 [poisoned by a worker ant]
  3118 | D:4      | Found a staircase to the Ecumenical Temple.
  3432 | D:5      | Entered Level 5 of the Dungeon
  3447 | D:5      | HP: 11/47 [gnoll/+0 spear (9)]
  3447 | D:5      | HP: 2/47 [gnoll/+1 flail of venom (9)]
  3448 | D:5      | Slain by a gnoll

Illustrated notes

Levels and vault maps discovered:
D:1:      enne_arrival_octagon_isle, layout_rooms
D:2:      layout_basic, makhleb_altar_promises_db,
          nicolae_overflow_hidden_temple, serial_co_window_serial,
          co_window_paths_a, co_window_of_opportunity_a, co_window_paths_a,
          co_window_paths_a, co_window_corner_a, co_window_corner_a,
          co_window_broadway_a, co_window_unsneaky_path_d,
          co_window_of_opportunity_c, co_window_paths_d
D:3:      layout_loops_ring, first_ration
D:4:      layout_rooms, temple_pool_b
D:5:      layout_loops_ring, gammafunk_temple_overflow_pools,
          lemuel_flame_loot_1, uniq_sigmund

Skill      XL: |  1  2  3  4 |
---------------+-------------+-----
Axes           | 4 5 |  5.8
Fighting       | 4 |  4.8
Armour         | 3 |  3.9
Dodging        | 3 |  3.5

Action                   |  1- 3 |  4- 6 || total
-------------------------+-------+-------++-------
Melee: Hand axe          |    96 |   100 ||   196
       Headbutt          |    10 |    11 ||    21
  Use: Scroll            |       |    10 ||    10
  Eat: Chunk             |     1 |     7 ||     8
Armor: Animal skin       |     7 |       ||     7
       Leather armour    |    14 |    31 ||    45
Dodge: Dodged            |    63 |    71 ||   134

Levels and vault maps discovered:
D:1:      enne_arrival_octagon_isle, layout_rooms
D:2:      layout_basic, makhleb_altar_promises_db,
          nicolae_overflow_hidden_temple, serial_co_window_serial,
          co_window_paths_a, co_window_of_opportunity_a, co_window_paths_a,
          co_window_paths_a, co_window_corner_a, co_window_corner_a,
          co_window_broadway_a, co_window_unsneaky_path_d,
          co_window_of_opportunity_c, co_window_paths_d
D:3:      layout_loops_ring, first_ration
D:4:      layout_rooms, temple_pool_b
D:5:      layout_loops_ring, gammafunk_temple_overflow_pools,
          lemuel_flame_loot_1, uniq_sigmund

Table legend:
 A = Turns spent in this place as a percentage of turns spent in the entire game.
 B = Non-inter-level travel turns spent in this place as a percentage of non-inter-level travel turns spent in the entire game.
 C = Inter-level travel turns spent in this place as a percentage of turns spent in this place.
 D = Turns resting spent in this place as a percentage of non-inter-level travel turns spent in this place.
 E = Turns spent auto-exploring this place as a percentage of non-inter-level travel turns spent in this place.
 F = Non-inter-level travel turns spent in this place divided by the number of levels of this place that you've seen.
                   A       B       C       D       E      F
               +-------+-------+-------+-------+-------+----------------------
         Total | 100.0 | 100.0 |   2.4 |  23.4 |  59.7 | 673.0
       Dungeon | 100.0 | 100.0 |   2.4 |  23.4 |  59.7 | 673.0
               +-------+-------+-------+-------+-------+----------------------

Table legend:
 A = Kills in this place as a percentage of kills in entire the game.
 B = Kills by you in this place as a percentage of kills by you in the entire game.
 C = Kills by friends in this place as a percentage of kills by friends in the entire game.
 D = Other kills in this place as a percentage of other kills in the entire game.
 E = Experience gained in this place as a percentage of experience gained in the entire game.
 F = Experience gained in this place divided by the number of levels of this place that you have seen.
                   A       B       C       D       E      F
               +-------+-------+-------+-------+-------+----------------------
         Total | 100.0 | 100.0 |   N/A |   N/A | 100.0 |  72.8
       Dungeon | 100.0 | 100.0 |   N/A |   N/A | 100.0 |  72.8
               +-------+-------+-------+-------+-------+----------------------
